 Dungeon Crawl Stone Soup version 0.19-a0-1908-g43c011f (webtiles) character file.

10145 Geomchi the Cleaver (level 11, -5/92 HPs)
             Began as a Formicid Fighter on Oct 22, 2016.
             Was an Elder of Okawaru.
             Slain by an eight-headed hydra (11 damage)
             ... on level 1 of the Lair of Beasts.
             The game lasted 00:16:18 (13240 turns).

Geomchi the Cleaver (Formicid Fighter)             Turns: 13240, Time: 00:16:19

Health: -5/92      AC: 11    Str: 23    XL:     11   Next: 87%
Magic:  10/12      EV: 11    Int:  9    God:    Okawaru [****..]
Gold:   384        SH: 14    Dex: 15    Spells: 0 memorised, 10 levels left

rFire  + . .     SeeInvis +     A - +0 battleaxe
rCold  . . .     Gourm    .     F - +0 chain mail {rF+}
rNeg   . . .     Faith    .     c - +0 shield
rPois  .         Spirit   .     (helmet unavailable)
rElec  .         Reflect  .     (no cloak)
rCorr  .         Harm     .     (no gloves)
MR     +....                    (no boots)
Stlth  ..........               (no amulet)
                                (no ring)
                                B - +5 ring of dexterity

@: heroism, very slightly contaminated
A: permanent stasis, dig shafts and tunnels, four strong arms, antennae 3
a: Dig, Shaft Self, Heroism, Renounce Religion


You were on level 1 of the Lair of Beasts.
You worshipped Okawaru.
Okawaru was greatly pleased with you.
You were not hungry.

You visited 3 branches of the dungeon, and saw 10 of its levels.

You collected 426 gold pieces.
You spent 42 gold pieces at shops.

Inventory:

Hand Weapons
 s - a +1 war axe of chopping
 A - a +0 battleaxe (weapon)
 D - a +1 hand axe of electrocution
Armour
 c - a +0 shield (worn)
 F - a +0 chain mail of fire resistance (worn)
Jewellery
 B - a +5 ring of dexterity (left hand)
Wands
 y - a wand of paralysis (20/24)
 z - a wand of acid (5/15)
 G - a wand of slowing (30/48)
 H - a wand of heal wounds (2/9)
 I - a wand of slowing (13/48)
Scrolls
 a - a scroll of immolation {unknown}
 h - a scroll of enchant armour {unknown}
 k - 3 scrolls of fog {unknown}
 n - 2 scrolls of random uselessness {unknown}
 q - 5 scrolls of teleportation {unknown}
 r - 4 scrolls of fear {unknown}
 t - 3 scrolls of magic mapping {unknown}
 v - 3 scrolls of recharging
 C - 3 scrolls of remove curse
 E - a scroll of noise {unknown}
Potions
 b - 4 potions of magic
 e - a potion of cancellation
 l - 8 potions of curing
 u - a potion of brilliance
 x - 3 potions of flight
Comestibles
 d - 2 chunks of flesh {@w0}
 f - 11 bread rations {@e1}
 g - 6 meat rations {@e2}
 o - 13 fruits
 p - a beef jerky
 w - a slice of pizza


   Skills:
 + Level 10.3(15.3) Fighting
 + Level 12.5(17.5) Axes
 + Level 4.8(9.8) Armour
 - Level 10.5(15.5) Shields
 + Level 1.6 Invocations


You had 10 spell levels left.
You didn't know any spells.

Dungeon Overview and Level Annotations

Branches:
Dungeon (8/15)             Temple (1/1) D:4            Lair (1/6) D:8

Altars:
Ashenzari
Cheibriados
Dithmenos
Elyvilon
Fedhas
Gozag
Hepliaklqana
Kikubaaqudgha
Makhleb
Nemelex Xobeh
Okawaru
Qazlal
Ru
Sif Muna
Trog
Uskayaw
Vehumet
Xom
Yredelemnul
Zin
The Shining One

Shops:
D:6 (   D:8 ?[


Innate Abilities, Weirdness & Mutations

You are under a permanent stasis effect.
You can dig through walls and to a lower floor.
Your four strong arms can wield two-handed weapons with a shield.
You have a pair of large antennae on your head. (SInv)


Message History

* * * LOW HITPOINT WARNING * * *
You block the eight-headed hydra's attack.
The eight-headed hydra barely misses you.
The eight-headed hydra bites you.
* * * LOW HITPOINT WARNING * * *
The eight-headed hydra bites you!
* * * LOW HITPOINT WARNING * * *
The eight-headed hydra closely misses you.
The eight-headed hydra completely misses you.
The eight-headed hydra bites you.
* * * LOW HITPOINT WARNING * * *
You take 17 damage, and have 7/92 hp.
Aim: an eight-headed hydra (moderately wounded, chance to defeat MR: 19%) Nothing appears to happen.
Evoking this partially-identified wand wasted a few charges.
You block the eight-headed hydra's attack.
The eight-headed hydra bites you.
* * * LOW HITPOINT WARNING * * *
The eight-headed hydra bites you!
You die...

#...#........#### #..
######..........### ##.
##.#.#........###### #.
##..#######.......#.########.
##.#.#...#####.........#......
##..........# #................
##...........# #.P.....#........
##............###DS..............
#.............##@#....#..........
#..............###....##.........
##............## ##..####P.......
#...)........#####.### #P.......
#..............##....####.......
#...........#..........########.
#.>.........###..........## #.
#..........## ##.........P### ##
##....>.....# #.............###


You could see an eight-headed hydra and a black mamba.

Vanquished Creatures
  The ghost of bezhaha the Slicer, a novice HaAr of Nemelex Xobeh (D:5)
  5 spiny frogs (Lair:1)
  A komodo dragon (Lair:1)
  The ghost of Vesto the Skirmisher, an amateur HOFi (D:4)
  5 polar bears (Lair:1)
  2 hippogriffs
  4 blink frogs (Lair:1)
  A spriggan (D:7)
  3 yaks (Lair:1)
  A basilisk (Lair:1)
  2 porcupines (Lair:1)
  2 water moccasins (Lair:1)
  An ice beast (D:7)
  4 black bears (Lair:1)
  4 orc warriors
  2 sky beasts
  2 phantoms
  3 centaurs
  3 ogres
  4 crocodiles (Lair:1)
  6 bullfrogs
  A water moccasin zombie (D:5)
  3 killer bees (D:8)
  A scorpion (D:4)
  5 wights (D:6)
  3 crimson imps
  A jelly (D:5)
  2 bullfrog zombies (D:5)
  3 quasits
  3 hounds
  27 orc wizards
  6 orc priests
  An iguana (D:7)
  7 worker ants
  A hound zombie (D:5)
  9 adders
  8 gnolls
  A shadow imp (D:5)
  2 worms
  3 adder skeletons
  2 dart slugs
  3 leopard geckos
  36 orcs
  6 giant cockroaches
  7 goblins
  3 hobgoblins
  12 jackals
  8 kobolds
  7 quokkas
  A ball python (D:4)
  2 bats
  6 frilled lizards
  A giant cockroach zombie (D:6)
  A jackal skeleton (D:5)
  A leopard gecko skeleton (D:8)
  5 rats
  2 butterflies (Lair:1)
  2 fungi (Lair:1)
  A plant (Lair:1)
250 creatures vanquished.

Vanquished Creatures (others)
  3 plants (Lair:1)
3 creatures vanquished.

Grand Total: 253 creatures vanquished

Notes
Turn   | Place    | Note
-------+----------+-------------------------------------------
     0 | D:1      | Geomchi the Formicid Fighter began the quest for the Orb.
     0 | D:1      | Reached XP level 1. HP: 18/18 MP: 1/1
   197 | D:1      | Reached XP level 2. HP: 24/24 MP: 2/2
   787 | D:2      | Found a shattered altar of Ashenzari.
   917 | D:2      | Reached XP level 3. HP: 27/29 MP: 3/3
   948 | D:2      | Found a sacrificial altar of Ru.
   951 | D:2      | Found a burning altar of Makhleb.
   977 | D:2      | Reached skill level 3 in Axes
  1107 | D:2      | Reached XP level 4. HP: 37/37 MP: 4/4
  2106 | D:3      | Reached skill level 4 in Axes
  2106 | D:3      | Reached XP level 5. HP: 42/42 MP: 5/5
  2558 | D:3      | Found a radiant altar of Vehumet.
  2813 | D:4      | Noticed Vesto's ghost (amateur HOFi)
  2823 | D:4      | Killed Vesto's ghost
  2823 | D:4      | Reached skill level 5 in Axes
  2823 | D:4      | Reached skill level 5 in Shields
  2823 | D:4      | Reached XP level 6. HP: 28/50 MP: 6/6
  2969 | D:4      | Reached XP level 7. HP: 55/55 MP: 7/7
  2995 | D:4      | Reached skill level 5 in Fighting
  3503 | D:4      | Found a staircase to the Ecumenical Temple.
  3600 | Temple   | Entered the Ecumenical Temple
  3801 | D:4      | Found a bloodstained altar of Trog.
  3843 | D:4      | Reached skill level 6 in Axes
  4266 | D:4      | Found a glowing golden altar of the Shining One.
  4334 | D:4      | Reached XP level 8. HP: 43/63 MP: 8/8
  4551 | D:5      | Entered Level 5 of the Dungeon
  4820 | D:5      | Noticed bezhaha's ghost (novice HaAr)
  5017 | D:5      | Killed bezhaha's ghost
  5017 | D:5      | Reached skill level 7 in Axes
  5147 | D:5      | Found an opulent altar of Gozag.
  5403 | D:5      | Reached XP level 9. HP: 53/71 MP: 9/9
  5584 | D:5      | Reached skill level 8 in Axes
  6335 | D:5      | Found a blossoming altar of Fedhas.
  6446 | D:6      | Found Xewymema's Antique Weapon Shoppe.
  6815 | D:6      | Reached skill level 9 in Axes
  7458 | D:6      | Found a glowing silver altar of Zin.
  7539 | D:6      | Found an iron altar of Okawaru.
  7553 | D:6      | Reached XP level 10. HP: 62/80 MP: 10/10
  7864 | D:7      | Reached skill level 10 in Axes
  8252 | D:6      | Became a worshipper of Warmaster Okawaru
  8831 | D:7      | Found a deep blue altar of Sif Muna.
  9024 | D:7      | Reached * piety under Okawaru
  9106 | D:7      | Found an ancient bone altar of Kikubaaqudgha.
  9209 | D:8      | Found Nuhef's Magic Scroll Shoppe.
  9222 | D:8      | Bought a scroll of remove curse for 42 gold pieces
  9400 | D:8      | Found a staircase to the Lair.
  9911 | D:8      | Found Jupa's Antique Armour Boutique.
 10035 | Lair:1   | Entered Level 1 of the Lair of Beasts
 10065 | Lair:1   | Noticed a spiny frog
 10076 | Lair:1   | Killed a spiny frog
 10076 | Lair:1   | Reached skill level 11 in Axes
 10216 | Lair:1   | Reached ** piety under Okawaru
 10277 | Lair:1   | Reached XP level 11. HP: 75/89 MP: 11/11
 10291 | Lair:1   | Reached skill level 10 in Shields
 11164 | Lair:1   | Reached *** piety under Okawaru
 11372 | Lair:1   | Reached skill level 12 in Axes
 11558 | Lair:1   | Received a gift from Okawaru
 11565 | Lair:1   | Reached skill level 10 in Fighting
 12074 | Lair:1   | HP: 3/90 [komodo dragon (10)]
 12081 | Lair:1   | Reached **** piety under Okawaru
 12644 | Lair:1   | Reached skill level 1 in Invocations
 13166 | Lair:1   | Noticed a seven-headed hydra
 13234 | Lair:1   | HP: 2/92 [seven-headed hydra (12)]
 13240 | Lair:1   | Slain by an eight-headed hydra

Vault maps used:
D:1:      lightli_arrival_isolated_outpost, bh_walls_and_bars
D:2:      evilmike_ruin_ashenzari, lemuel_crystal_altar, old_standard_altar
D:3:      marbit_many_paths, minmay_misc_feat_square
D:4:      kennysheep_mini, lemuel_doored_altar, first_bread
D:5:      lemuel_coloured_pillars_altar,
          nicolae_gozag_cash_rules_everything_around_me
D:6:      nicolae_overflow_hidden_temple, lemuel_crystal_altar, serial_shops,
          shop
D:7:      led_sif_pool, kiku_gazebo_garden_becter, the_bakery,
          hangedman_decor_points
D:8:      minmay_flawed_box, lair_0_dummy, serial_shops, shop, shop
Temple:   nicolae_temple_figure_zero
Lair:1:   beast_lair_carwin_large_1, serial_bayou_pond_b,
          nicolae_quartered_pool_medium, lemuel_fruit_fields,
          serial_bayou_shore_b

Skill      XL: |  1  2  3  4  5  6  7  8  9 10 11 |
---------------+----------------------------------+-----
Shields        | 4 5 6 7 8 9 10 | 10.5
Axes           | 3 4 5 6 7 9 11 12 | 12.5
Fighting       | 4 5 6 7 9 10 | 10.3
Armour         | 4 |  4.8
Invocations    | 1 |  1.6

Action                   |  1- 3 |  4- 6 |  7- 9 | 10-12 || total
-------------------------+-------+-------+-------+-------++-------
Melee: War axe           |    85 |   108 |   319 |       ||   512
       Hand axe          |       |       |    23 |   252 ||   275
       Battleaxe         |       |       |       |   139 ||   139
Invok: Heroism           |       |       |       |     4 ||     4
Evoke: Wand              |       |       |       |     7 ||     7
  Use: Potion            |       |       |     1 |     2 ||     3
       Scroll            |       |       |       |    13 ||    13
  Eat: Chunk             |     1 |     5 |    16 |    18 ||    40
Armor: Scale mail        |    38 |    43 |    85 |     8 ||   174
       Chain mail        |       |       |       |   140 ||   140
Dodge: Dodged            |    27 |    28 |    87 |   114 ||   256
Block: Shield            |    59 |    50 |   143 |   296 ||   548
